 Dungeon Crawl Stone Soup version 0.19-a0-805-g0a78ef0 (webtiles) character file.

350 AlphabetPasta the Conjurer (level 6, -8/35 HPs)
             Began as a Kobold Conjurer on June 27, 2016.
             Was an Initiate of Vehumet.
             Mangled by an orc wizard
             ... wielding a +0 dagger of electrocution
              (17 damage)
             ... on level 4 of the Dungeon.
             The game lasted 00:24:42 (5126 turns).

AlphabetPasta the Conjurer (Kobold Conjurer)        Turns: 5126, Time: 00:24:43

Health: -8/35      AC:  5    Str: 11    XL:     6   Next: 92%
Magic:  2/11       EV: 15    Int: 15    God:    Vehumet [......]
Gold:   174        SH:  0    Dex: 17    Spells: 4 memorised, 2 levels left

rFire  . . .     SeeInvis .     x - +2 short sword (elec)
rCold  . . .     Gourm    .     a - +1 robe
rNeg   . . .     Faith    .     (shield restricted)
rPois  .         Spirit   .     (no helmet)
rElec  .         Dismiss  .     f - +1 cloak
rCorr  .         Reflect  .     (no gloves)
SustAt .         Harm     .     (no boots)
MR     .....                    (no amulet)
Stlth  ++........               (no ring)
                                (no ring)

@: mighty, very slightly contaminated, not resistant to hostile enchantments,
unstealthy
A: carnivore 3
a: Renounce Religion


You were on level 4 of the Dungeon.
You worshipped Vehumet.
Vehumet was noncommittal.
You were completely stuffed.

You visited 2 branches of the dungeon, and saw 5 of its levels.

You collected 174 gold pieces.

Inventory:

Hand Weapons
 k - a +1 dagger
 x - a +2 short sword of electrocution (weapon)
Armour
 a - a +1 robe (worn)
 f - a +1 cloak (worn)
Jewellery
 g - an uncursed ring of stealth {unknown}
 h - an uncursed amulet of harm {unknown}
 j - a +4 ring of evasion {unknown}
 A - an uncursed amulet of dismissal {unknown}
Wands
 y - a wand of slowing (6/48)
Scrolls
 m - a scroll of blinking
 o - a scroll of enchant weapon
 u - a scroll of enchant armour
 v - 2 scrolls of teleportation
 z - a scroll of amnesia
Potions
 d - 3 potions of lignification
 e - 2 potions of might
 i - 3 potions of heal wounds {unknown}
 l - 2 potions of flight {unknown}
 n - 2 potions of curing {unknown}
 p - a potion of brilliance {unknown}
 q - 2 potions of ambrosia {unknown}
 r - a potion of cure mutation {unknown}
 s - a potion of degeneration {unknown}
 w - a potion of haste {unknown}
Books
 b - a book of Conjurations

   Spells                             Type                      Level
   a - Magic Dart                     Conjuration                  1
   b - Searing Ray                    Conjuration                  2
   c - Dazzling Spray                 Conjuration/Hexes            3
   d - Fulminant Prism                Conjuration/Hexes            4
   e - Iskenderun's Mystic Blast      Conjuration                  4
   f - Iskenderun's Battlesphere      Conjuration/Charms           5
Comestibles
 c - 2 meat rations
 t - a beef jerky


   Skills:
 + Level 1.9 Fighting
 - Level 3.0 Short Blades
 - Level 2.5 Dodging
 - Level 2.6 Stealth
 + Level 3.5 Spellcasting
 * Level 5.5 Conjurations


You had 2 spell levels left.
You knew the following spells:

 Your Spells              Type           Power        Failure   Level  Hunger
a - Magic Dart            Conj           ###.         1%          1    None
b - Searing Ray           Conj           ###...       3%          2    ##.....
c - Dazzling Spray        Conj/Hex       ##....       21%         3    ###....
d - Iskenderun's Mystic   Conj           ###.....     24%         4    ####...


Dungeon Overview and Level Annotations

Branches:
Dungeon (4/15)             Temple (1/1) D:4

Altars:
Ashenzari
Dithmenos
Elyvilon
Fedhas
Gozag
Makhleb
Nemelex Xobeh
Okawaru
Pakellas
Sif Muna
Uskayaw
Vehumet
Xom
Zin
The Shining One


Innate Abilities, Weirdness & Mutations

You are small and have problems with some larger weapons.
You are carnivorous and can eat meat at any time.


Message History

Aiming: Searing Ray
Press: ? - help, Shift-Dir - straight line, f/p - orc
Aim: an orc, wielding a dagger of protection and wearing a ring mail (almost dead)
You miscast Searing Ray.
You are very lightly contaminated with residual magic.
Sparks fly from your hands!
Casting: Searing Ray
Confirm with . or Enter, or press ? or * to list all spells.
Aiming: Magic Dart
Press: ? - help, Shift-Dir - straight line, f/p - orc
Aim: an orc, wielding a dagger of protection and wearing a ring mail (severely wounded)
The magic dart hits something.
Something hits you but does no damage.
You are electrocuted!
* * * LOW HITPOINT WARNING * * *
You feel very mighty all of a sudden. Something hits you but does no damage.
You barely miss something. Something barely misses you.
You closely miss something. Something hits you but does no damage.
You are electrocuted!
You die...

.######..,.* *,*
#..........** *.#
..######.#.,* *.#
###....#..#,* *.# #
#....##.#,## *.# #
#....##.#,.####.#
###....##.##..##..*
.).)....#.).#.##.#*
#........##.#.##@#
)...)....##.#.##.#
.#.......##.#.##o#
..............##o####
#........###........#
.........###........#
..............>.....#
..............:.....#
####................#


You could see 2 orcs.

Vanquished Creatures
  An orc wizard (D:4)
  2 orc priests (D:4)
  An iguana (D:3)
  A worker ant (D:4)
  4 gnolls (D:2)
  7 adders
  2 oozes
  A worm (D:2)
  3 dart slugs
  3 giant geckos
  7 orcs
  5 giant cockroaches
  8 goblins
  10 hobgoblins
  6 jackals (D:2)
  A quokka (D:3)
  A ball python (D:1)
  9 bats
  4 giant newts
  11 kobolds
  5 rats
92 creatures vanquished.

Notes
Turn   | Place    | Note
--------------------------------------------------------------
     0 | D:1      | AlphabetPasta the Kobold Conjurer began the quest for the Orb.
     0 | D:1      | Reached XP level 1. HP: 10/10 MP: 3/3
   200 | D:1      | Reached XP level 2. HP: 15/15 MP: 0/5
   204 | D:1      | Learned a level 2 spell: Searing Ray
   760 | D:1      | Reached skill level 4 in Conjurations
   882 | D:1      | Reached XP level 3. HP: 19/19 MP: 0/6
   938 | D:1      | Learned a level 3 spell: Dazzling Spray
  1221 | D:2      | Found an iron altar of Okawaru.
  1470 | D:2      | Reached skill level 1 in Short Blades
  1588 | D:2      | Reached XP level 4. HP: 24/24 MP: 2/7
  2000 | D:2      | Reached XP level 5. HP: 18/28 MP: 4/9
  2680 | D:3      | Found a shadowy altar of Dithmenos.
  2693 | D:3      | Reached skill level 5 in Conjurations
  3036 | D:3      | Learned a level 4 spell: Iskenderun's Mystic Blast
  3527 | D:3      | Reached XP level 6. HP: 33/33 MP: 4/10
  3784 | D:4      | Reached skill level 1 in Fighting
  3933 | D:4      | Found a staircase to the Ecumenical Temple.
  3937 | Temple   | Entered the Ecumenical Temple
  3970 | Temple   | Became a worshipper of Vehumet
  4657 | D:4      | Learned a level 4 spell: Iskenderun's Mystic Blast
  5126 | D:4      | Mangled by an orc wizard

Vault maps used:
D:1:      lightli_arrival_maybe_door_vault, serial_bayou_pond_d
D:2:      okawaru_metal_pillars_3
D:3:      grunt_dithmenos_smoke
Temple:   oiseaux_autumnal_temple

Skill      XL: |  1  2  3  4  5  6 |
---------------+-------------------+-----
Conjurations   | 4 5 |  5.5
Short Blades   | 1 2 3 |  3.0
Spellcasting   | 3 |  3.5
Fighting       | 1 |  1.9
Dodging        | |  2.5
Stealth        | |  2.6

Action                   |  1- 3 |  4- 6 || total
-------------------------+-------+-------++-------
Melee: Unarmed           |     2 |       ||     2
       Dagger            |    23 |    14 ||    37
       Short sword       |       |     3 ||     3
 Cast: Magic Dart        |    62 |   141 ||   203
       Searing Ray       |     2 |    19 ||    21
  Use: Scroll            |       |    11 ||    11
       Potion            |       |     1 ||     1
  Eat: Chunk             |    12 |    13 ||    25
Armor: Robe              |     5 |     7 ||    12
Dodge: Dodged            |    31 |    48 ||    79
